Map: Alcyone LE

Players

Telra - Winner!

  • Race: Terran Terran
  • League: Diamond
  • Spawn Location: 1:00

Chance

  • Race: Zerg Zerg
  • League: Diamond
  • Spawn Location: 7:00

VOD

Have the link to the VOD?

Description

1) not pro
2) low level play (i am just platinum Protoss, this is Terran so)
3) but i found it funny
I open up with proxy marauder (bad execution) while he zergling+drone rushes me.
I troll him with baracks, while i take his gold (expected him to scout mine) and build up to PF and fly to his natural).....

Time

  • Played on: May 30, 2024, 9:29 a.m.
  • Length: 10:46
Show
View Real Time Build Order
Export as new Build Order

Telra Terran - Winner!

Build Orders:  

Get SALT Encoding   

  12  0:00  SCV  
  13  0:12  SCV  
  14  0:18  Supply Depot  
  14  0:30  SCV  
  15  0:41  Refinery  
  15  0:44  SCV  
  16  0:55  Barracks  
  16  1:00  Barracks  
  16  1:06  SCV  
  17  1:18  SCV  
  18  1:34  SCV  
  19  1:42  Barracks Tech Lab  
  19  1:45  Supply Depot  
  19  1:47  Barracks Tech Lab  
  19  1:49  Orbital Command  
  19  2:02  Marauder  
  13  2:21  Marauder  
  13  2:23  Concussive Shells  
  13  2:46  Marine  
  13  3:47  Orbital Command  
    4:25  SCV  
  1  4:45  SCV  
  2  4:52  Marine  
  3  5:11  Marine  
  4  5:17  SCV  
  3  5:41  SCV  
  4  5:46  Supply Depot  
  4  5:48  Refinery  
  4  5:58  SCV  
  5  6:10  SCV  
  6  6:11  Engineering Bay  
  6  6:22  SCV  
  7  6:32  Marine  
  8  6:34  SCV  
  8  7:03  SCV  
  9  7:13  Command Center  
  10  7:15  SCV  
  10  7:28  Barracks  
  11  7:37  SCV  
  11  7:56  SCV  
  12  8:02  Neosteel Armor  
  12  8:09  SCV  
  14  8:21  Barracks Reactor  
  14  8:24  Bunker  
  14  8:43  SCV  
  14  8:56  Command Center  
  14  8:58  SCV  
  15  9:11  Planetary Fortress  
  15  9:14  Marine x2  
  17  9:19  SCV  
  17  9:20  Barracks  
  18  9:38  SCV  
  18  9:41  Marine x2  
  18  9:42  Hi-Sec Auto Tracking  
  21  9:48  SCV  
  23  10:05  Bunker  
  22  10:10  Orbital Command  
  23  10:14  SCV  
  23  10:20  Marine x2  
  25  10:25  Missile Turret  
  25  10:26  SCV  
  26  10:30  SCV  
Show
View Real Time Build Order
Export as new Build Order

Chance Zerg 

Build Orders: Pool First 

Get SALT Encoding   

  12  0:18  Spawning Pool  
  11  0:29  Overlord  
  11  1:06  Zergling x6  
  14  1:18  Zergling x2  
  15  1:28  Zergling x2  
  16  1:39  Zergling x2  
  17  1:55  Zergling x2  
  12  5:42  Spawning Pool  
  11  5:44  Drone x3  
  14  6:05  Drone  
  15  6:31  Drone x3, Extractor  
  16  7:10  Drone  
  16  7:11  Drone x2  
  16  7:14  Extractor  
  18  7:37  Queen  
  18  7:39  Drone  
  18  7:40  Overlord  
  21  8:14  Lair  
  21  8:17  Drone  
  22  8:39  Drone  
  23  8:43  Hatchery  
  22  9:27  Zergling x10  
  27  9:31  Zergling x4  
  29  9:45  Hydralisk Den  
  20  10:03  Zergling x2  
  20  10:04  Zergling x4  
  23  10:16  Zergling x2  
  14  10:27  Zergling x2  
Tags
 
Matchup
TvZ
Opening
Pool First
Spawn Locations
Cross Positions
Add a new tag
Caveats
  • Supply blocks, unpowered buildings, or Contaminate may cause inaccurate times.
  • Supply counts are checked every 10 seconds.